Map: Tokamak LE

Players

회색빛저그 - Winner!

  • Race: Zerg Zerg
  • League: Grandmaster
  • Spawn Location: 7:00

Valhalla

  • Race: Zerg Zerg
  • League: Master
  • Spawn Location: 1:00

VOD

Have the link to the VOD?

Description

Time

  • Played on: Sept. 16, 2025, 3:03 p.m.
  • Length: 8:10
Show
View Real Time Build Order
Export as new Build Order

회색빛저그 Zerg - Winner!

Build Orders: Pool First 

Get SALT Encoding   

  12  0:18  Spawning Pool  
  11  0:22  Extractor  
  11  0:23  Drone  
  11  0:28  Drone  
  11  0:33  Drone  
  13  0:44  Overlord  
  13  1:07  Zergling x6  
  16  1:17  Queen  
  18  1:26  Metabolic Boost  
  18  1:31  Zergling x2  
  19  1:34  Zergling x2  
  20  1:40  Zergling x2  
  21  1:51  Zergling x2  
  22  2:02  Overlord  
  22  2:15  Hatchery  
  21  2:17  Zergling x2  
  21  2:22  Zergling x2  
  23  2:26  Zergling x2  
  23  2:29  Zergling x2  
  25  2:36  Zergling x2  
  26  2:40  Zergling x2  
  27  2:48  Zergling x2  
  28  2:55  Zergling x2  
  28  2:56  Zergling x2  
  30  3:01  Overlord  
  30  3:22  Zergling x6  
  30  3:26  Zergling x2  
  34  3:33  Zergling x2  
  34  3:34  Zergling x4  
  37  3:38  Zergling x2  
  36  3:41  Zergling x2  
  36  3:53  Drone x2  
  34  4:02  Drone  
  35  4:05  Drone  
  37  4:10  Drone x2  
  37  4:13  Drone x2  
  39  4:21  Drone  
  39  4:23  Drone  
  33  4:33  Drone  
  33  4:38  Overlord  
  32  4:39  Extractor  
  32  4:42  Roach Warren  
  32  4:44  Drone  
  31  4:50  Drone x2  
  33  4:59  Queen  
  35  5:20  Overlord  
  35  5:23  Roach x4  
  35  5:26  Roach  
  45  5:31  Roach  
  49  5:35  Roach  
  49  5:42  Roach  
  51  5:43  Roach  
  52  5:52  Zergling x6  
  55  5:57  Zergling x2  
  55  5:58  Zergling x2  
  55  6:00  Zergling x2  
  57  6:06  Zergling x4  
  57  6:07  Ravager  
  60  6:12  Overlord  
  60  6:31  Zergling x12  
  66  6:37  Zergling x2  
  63  6:44  Zergling x8  
  61  6:48  Zergling x2  
  58  6:58  Zergling x2  
  57  7:05  Overlord  
  57  7:08  Zergling x2  
  57  7:13  Zergling x2  
  57  7:17  Queen  
  51  7:27  Queen  
  48  7:35  Spore Crawler  
  48  7:36  Spore Crawler  
  34  7:47  Spore Crawler  
  34  7:48  Spore Crawler x2  
  34  7:49  Spore Crawler  
Show
View Real Time Build Order
Export as new Build Order

Valhalla Zerg 

Build Orders: Pool First 

Get SALT Encoding   

  12  0:00  Drone  
  13  0:08  Drone  
  14  0:21  Drone x2, Extractor x2  
  16  0:34  Spawning Pool  
  15  0:52  Hatchery  
  14  0:59  Overlord  
  14  1:18  Drone x2  
  16  1:20  Queen  
  16  1:23  Drone  
  19  1:31  Overlord  
  19  1:37  Extractor  
  18  1:40  Zergling x2  
  19  1:50  Drone  
  20  1:56  Queen  
  22  2:02  Zergling x2  
  25  2:12  Spine Crawler  
  25  2:15  Zergling x2  
  23  2:24  Spine Crawler x2  
  21  2:34  Queen  
  21  2:36  Drone x2  
  25  2:43  Drone x2  
  27  2:51  Drone x2  
  28  2:58  Overlord  
  29  3:01  Drone  
  30  3:21  Hatchery  
  30  3:26  Drone  
  31  3:27  Drone  
  28  3:55  Queen  
  28  3:57  Drone x4  
  34  4:11  Extractor  
  33  4:24  Zergling x4  
  33  4:40  Drone x2  
  33  4:41  Lair  
  35  4:51  Drone  
  36  4:57  Spine Crawler  
  35  5:00  Spine Crawler  
  34  5:13  Drone x4  
  38  5:18  Overlord  
  38  5:27  Overlord  
  38  5:40  Spire  
  37  5:56  Drone  
  36  6:10  Spine Crawler  
  36  6:19  Evolution Chamber, Spine Crawler  
  36  6:20  Roach Warren, Evolution Chamber  
  36  6:25  Overlord  
  32  6:38  Zergling x2  
  32  6:39  Zergling x6  
  34  6:54  Mutalisk x5  
  34  7:00  Mutalisk  
  40  7:09  Zergling x2  
  33  7:24  Zergling x2  
  29  7:35  Drone  
  19  7:44  Drone  
  15  7:53  Drone, Evolution Chamber  
Tags
 
Add a new tag
Caveats
  • Supply blocks, unpowered buildings, or Contaminate may cause inaccurate times.
  • Supply counts are checked every 10 seconds.